 Dungeon Crawl Stone Soup version 0.28-a0-1560-g060a6a1bfc (webtiles) character file.

Game seed: 14877691210761496696

144 BritishOli the Chopper (level 5, 40/40 HPs)
             Began as a Demonspawn Gladiator on Jan 19, 2022.
             Got out of the dungeon alive.
             The game lasted 00:03:39 (2615 turns).

BritishOli the Chopper (Demonspawn Gladiator)       Turns: 2615, Time: 00:03:39

Health: 40/40      AC: 12    Str: 17    XL:     5   Next: 5%
Magic:  5/5        EV: 11    Int:  9    God:
Gold:   170        SH:  0    Dex: 17    Spells: 4/4 levels left

rFire   . . .      SeeInvis .   a - +0 war axe
rCold   . . .      Faith    +   (no shield)
rNeg    . . .      Spirit   .   n - +0 scale mail
rPois   .          Reflect  .   c - +0 helmet
rElec   .          Harm     .   o - +0 cloak
rCorr   .          Rampage  .   j - +0 pair of gloves {Dex+3}
Will    .....                   s - +0 pair of boots
Stlth   ..........              m - amulet of faith
HPRegen 0.13/turn               (no ring)
MPRegen 0.09/turn               (no ring)

@: no status effects
A: yellow scales 1, powered by pain 1, demonic touch 2
a: no special abilities


You escaped.
You visited 1 branch of the dungeon, and saw 3 of its levels.

You collected 170 gold pieces.

Inventory:

Hand Weapons
 a - a +0 war axe (weapon)
 b - a +4 quarterstaff of chaos
Missiles
 d - 3 throwing nets (quivered)
Armour
 c - a +0 helmet (worn)
 j - a +0 pair of gloves of dexterity (worn)
 n - a +0 scale mail (worn)
 o - a +0 cloak (worn)
 s - a +0 pair of boots (worn)
Jewellery
 g - a ring of ice
 m - an amulet of faith (around neck)
Wands
 q - a wand of polymorph (10)
Scrolls
 e - a scroll of fear {unknown}
 k - 5 scrolls of identify {unknown}
 l - a scroll of magic mapping {unknown}
 p - a scroll of amnesia {unknown}
Potions
 f - 2 potions of flight {unknown}
 h - a potion of haste {unknown}
 i - 2 potions of heal wounds {unknown}
 r - a potion of curing {unknown}


   Skills:
 + Level 2.9 Fighting
 + Level 3.3 Axes
 + Level 2.5 Throwing
 + Level 1.7 Armour
 + Level 3.3 Dodging


You had 4 spell levels left.
You didn't know any spells.
Your spell library contained the following spells:

 Spells                   Type           Power      Damage    Failure   Level
 Animate Skeleton         Necr           0%         N/A       80%         1
 Pain                     Necr           0%         1d4       80%         1
 Confusing Touch          Hex            0%         N/A       99%         3
 Vampiric Draining        Necr           0%         2d6       99%         3
 Olgreb's Toxic Radiance  Pois           0%         N/A       100%        4
 Agony                    Necr           0%         N/A       100%        5
 Excruciating Wounds      Necr           0%         N/A       100%        5
 Yara's Violent Unravell  Hex/Tmut       0%         3d3       100%        5
 Enfeeble                 Hex            0%         N/A       100%        7
 Ozocubu's Refrigeration  Ice            0%         4d5       100%        7
 Ignition                 Fire           0%         3d3       100%        8


Dungeon Overview and Level Annotations

Branches:
Dungeon (3/15)

Altars:


Innate Abilities, Weirdness & Mutations

You are partially covered in yellow scales. (AC +2)
You sometimes gain a little power by taking damage.
Your touch may inflict irresistible damage on your foes.


Message History

You closely miss the adder. The adder bites you but does no damage.
An adder is nearby!
You barely miss the adder.
You touch the adder.
The adder is moderately wounded.
The adder closely misses you. The adder bites you but does no damage.
You slash the adder!
You kill the adder!
You have reached level 5!
Your demonic ancestry asserts itself...
You feel energised by your suffering.
You see here an adder corpse.
Found a pair of boots.
No target in view!
You see here a +0 pair of boots.
s - a +0 pair of boots You start putting on your armour.
You continue putting on your +0 pair of boots. x4
You finish putting on your +0 pair of boots.
(D) Dungeon
Where to? (Enter - D:3, ? - help)
You see here an adder corpse.
Things that are here:
a +0 hand axe; a +0 leather armour; an orc corpse
Items here: ))) [[ ††.
There is a stone staircase leading down here.
There is a stone staircase leading up here.
You climb upwards.
There is a stone staircase leading down here.
(D) Dungeon
Where to? (Enter - D:2, ? - help)
There is a stone staircase leading up here.
You climb upwards.
There is a stone staircase leading down here.
(D) Dungeon
Where to? (Enter - D:1, ? - help)
Okay, then.
You see here a +0 club.
There is a staircase leading out of the dungeon here.
Are you sure you want to leave the Dungeon?
This will make you lose the game!
You have escaped!

# #.# #.# #.# ###[##
#######.###### #.#
P.P..# #............#
#.#
≈≈≈..####.###.#.####.#
#######.# ≈≈.≈.....##
##### ### #..)..#.#
.≈≈≈P.#### #####.#.#
≈≈≈≈≈P# ###########
#####.#.## ≈≈≈≈..#
#.........# #.........
≈≈≈.≈.# #.8..@..8.#
#####.#.#. ≈≈≈≈≈♣#
#.........# #.#...
≈.≈.≈♣# ####...####
#.###. ≈≈.≈≈.# #...#
#####.#### P≈≈.P.#
####...#### #.....#...
.....## #.........#
####...... #....#
#.........# ##.#...
#.######## #.........#
####.# #.#......#
####...#### #.#


There were no monsters in sight!

Vanquished Creatures
  Crazy Yiuf (D:2)
  Jessica (D:3)
  4 adders
  A worm (D:3)
  2 dart slugs
  4 orcs (D:3)
  3 endoplasms
  4 giant cockroaches
  5 goblins
  3 hobgoblins
  A jackal (D:1)
  A quokka (D:3)
  4 ball pythons
  2 bats
  4 frilled lizards
  2 kobolds (D:1)
  2 rats (D:2)
44 creatures vanquished.

Vanquished Creatures (others)
  2 plants (D:1)
2 creatures vanquished.

Grand Total: 46 creatures vanquished

Notes
Turn   | Place    | Note
-------+----------+-------------------------------------------
     0 | D:1      | BritishOli the Demonspawn Gladiator began the quest for the
                  | Orb.
     0 | D:1      | Reached XP level 1. HP: 16/16 MP: 1/1
   306 | D:1      | Gained mutation: You are partially covered in yellow
                  | scales. (AC +2) [demonic ancestry]
   306 | D:1      | Reached XP level 2. HP: 14/22 MP: 2/2
  1048 | D:2      | Found a faded altar of an unknown god.
  1566 | D:2      | Reached skill level 1 in Armour
  1566 | D:2      | Gained mutation: Your touch may inflict minor irresistible
                  | damage on your foes. [demonic ancestry]
  1566 | D:2      | Reached XP level 3. HP: 28/28 MP: 3/3
  1580 | D:2      | Found a runed translucent door.
  1581 | D:2      | Noticed Crazy Yiuf
  1701 | D:2      | Killed Crazy Yiuf
  1990 | D:3      | Gained mutation: Your touch may inflict irresistible damage
                  | on your foes. [demonic ancestry]
  1990 | D:3      | Reached XP level 4. HP: 23/34 MP: 4/4
  2336 | D:3      | Noticed Jessica
  2346 | D:3      | Killed Jessica
  2465 | D:3      | Gained mutation: You sometimes gain a little power by
                  | taking damage. [demonic ancestry]
  2465 | D:3      | Reached XP level 5. HP: 40/40 MP: 5/5
  2615 | D:$      | Got out of the dungeon alive.

Illustrated notes

Levels and vault maps discovered:
D:1:      minmay_arrival_hallway, layout_loops_ring, serial_bayou_pond_b,
          serial_park_tiny_pond, corexii_item_surrounded_by_moat,
          minmay_pentomino_r2
D:2:      layout_rooms, shapermc_ecumenical_altar_petra, uniq_crazy_yiuf_cottage
D:3:      layout_basic, serial_shops, nicolae_shop_advertising_works
          [nicolae_subvault_shop_adworks], hangedman_abyss_or_decor_stabs,
          minmay_misc_feat_hallway, uniq_jessica

Skill      XL: |  1  2 |
---------------+-------+-----
Throwing       | 2 |  2.5
Axes           | 3 |  3.3
Armour         | 1 |  1.7
Dodging        | 3 |  3.3
Fighting       | |  2.9

Action                   |  1- 3 |  4- 6 || total
-------------------------+-------+-------++-------
Melee: War axe           |    94 |    28 ||   122
       Punch             |     1 |       ||     1
       Touch             |     2 |     7 ||     9
       Unarmed           |       |    15 ||    15
 Stab: Sleeping          |     1 |       ||     1
Armor: Leather armour    |    27 |       ||    27
       Scale mail        |    19 |    13 ||    32
       Skin              |       |     3 ||     3
Dodge: Dodged            |    67 |    23 ||    90

Table legend: (Time is in decaauts)
 A = Elapsed time spent in this place.
 B = Non-inter-level travel time spent in this place.
 C = Inter-level travel time spent in this place.
 D = Time resting spent in this place.
 E = Time spent auto-exploring this place.
 F = Levels seen in this place.
 G = Mean time per level.
                   A        B        C        D        E       F      G
               +--------+--------+--------+--------+--------+-----+--------+
         Total |   2663 |   2473 |    190 |      0 |   2085 |   3 |  887.7 |
       Dungeon |   2663 |   2473 |    190 |      0 |   2085 |   3 |  887.7 |
               +--------+--------+--------+--------+--------+-----+--------+

Top non-repeatable levels by time:
     D:2: 1087 daAuts
     D:1: 949 daAuts
     D:3: 626 daAuts
